 Dungeon Crawl Stone Soup version 0.23.1 (webtiles) character file.

Game seed: 6127589571778930947

42 Borgoz the Sneak (level 3, 0/26 HPs)
             Began as a Ghoul Enchanter on Mar 13, 2019.
             Slain by Jessica
             ... wielding a +0 club
              (5 damage)
             ... on level 2 of the Dungeon.
             The game lasted 00:01:59 (1523 turns).

Borgoz the Sneak (Ghoul Enchanter)                  Turns: 1523, Time: 00:02:00

Health: 0/26       AC:  2    Str: 11    XL:     3   Next: 54%
Magic:  3/4        EV: 12    Int: 15    God:
Gold:   80         SH:  0    Dex: 10    Spells: 4/5 levels left

rFire    . . .     SeeInvis .   a - +1 dagger
rCold    + . .     Gourm    .   (no shield)
rNeg     + + +     Faith    .   b - +0 robe
rPois    ∞         Spirit   .   (no helmet)
rElec    .         Reflect  .   (no cloak)
rCorr    .         Harm     .   (no gloves)
MR       .....                  (no boots)
Stlth    ++........             (no amulet)
HPRegen  0.00/turn              (no ring)
MPRegen  0.09/turn              (no ring)

@: brilliant, flying, rotting
A: rotting body, claws 1, carnivore, cold resistance 1, negative energy
resistance 3, inhibited regeneration, torment resistance, unbreathing
a: no special abilities


You were on level 2 of the Dungeon.
You were not hungry.

You visited 1 branch of the dungeon, and saw 2 of its levels.

You collected 80 gold pieces.

Inventory:

Hand Weapons
 a - a +1 dagger (weapon)
 e - a +2 dagger of holy wrath
Armour
 b - a +0 robe (worn)
Scrolls
 g - a scroll of identify {unknown}
 i - 2 scrolls of immolation {unknown}
 j - a scroll of fog {unknown}
 k - a scroll of amnesia {unknown}
 l - a scroll of remove curse {unknown}
Potions
 f - a potion of brilliance
 m - a potion of lignification
Comestibles
 c - 4 chunks of flesh
 d - 5 rations


   Skills:
 * Level 1.9 Short Blades
 * Level 1.6 Armour
 + Level 2.2 Dodging
 - Level 3.2 Stealth
 - Level 1.7 Spellcasting
 - Level 2.4 Hexes


You had 4 spell levels left.
You knew the following spells:

 Your Spells              Type           Power        Failure   Level  Hunger
a - Corona                Hex            ###....      1%          1    ##.....

Your spell library contained the following spells:

 Spells                   Type           Power        Failure   Level  Hunger
 Ensorcelled Hibernation  Hex/Ice        ##....       2%          2    ###....
 Confuse                  Hex            ###.....     3%          3    ####...
 Tukima's Dance           Hex            ###.....     3%          3    ####...
 Dazzling Spray           Conj/Hex       ##....       4%          3    ####...


Dungeon Overview and Level Annotations

Branches:
Dungeon (2/15)

Altars:

Annotations:
D:2 Jessica


Innate Abilities, Weirdness & Mutations

Your body is rotting away.
You thrive on raw meat.
You are immune to poison.
You have sharp fingernails.
You are carnivorous and can eat meat at any time.
Your flesh is cold resistant. (rC+)
You are immune to negative energy. (rN+++)
You do not regenerate when monsters are visible.
You are immune to unholy pain and torment.
You can survive without breathing.


Message History

It was a potion of flight.
You feel very buoyant.
You fly up into the air.
Jessica hits you but does no damage.
You aren't carrying any items that you can evoke.
Sorry, you're not good enough to have a special ability.
Casting: Corona (safe; 1% risk of failure)
Confirm with . or Enter, or press ? or * to list all spells.
Aiming: Corona (safe; 1% risk of failure)
Press: ? - help, Shift-Dir - straight line, f - Jessica
Aim: Jessica, wielding a +0 club and wearing a +0 robe (chance to defeat MR: 63%) Jessica is outlined in light.
Jessica closely misses you.
You hit Jessica but do no damage. Jessica closely misses you.
You barely miss Jessica.
A hobgoblin comes into view. It is wielding a +0 club.
Jessica closely misses you.
The hobgoblin shouts!
You hit Jessica.
Jessica is heavily wounded.
Jessica hits you with a +0 club.
You die...

# #.##.#...#.........
#.##.....#.######## #
#......#.....##....
#..#######.#.#.#.######
#..#...........#...#
##.....########...#.#
.................#...#
###.##.#.....###.#####
# #.#@###.# #.# #.#@###
# #.# #..K.(# #...((+
#.....+### #.##g(...#
#+ #.........
.'.........
@..#.........


You could see Jessica, a hobgoblin and a kobold.

Vanquished Creatures
  An ooze (D:1)
  2 dart slugs (D:1)
  2 bats (D:2)
  9 goblins
  4 hobgoblins
  5 kobolds (D:1)
  3 frilled lizards (D:1)
  6 rats (D:1)
32 creatures vanquished.

Notes
Turn   | Place    | Note
-------+----------+-------------------------------------------
     0 | D:1      | Borgoz the Ghoul Enchanter began the quest for the Orb.
     0 | D:1      | Reached XP level 1. HP: 14/14 MP: 2/2
    53 | D:1      | Reached skill level 1 in Short Blades
   278 | D:1      | Reached XP level 2. HP: 20/20 MP: 3/3
   323 | D:1      | Reached skill level 1 in Armour
   672 | D:1      | Reached XP level 3. HP: 26/26 MP: 4/4
  1505 | D:2      | Noticed Jessica
  1523 | D:2      | Slain by Jessica

Skill      XL: |  1  2 |
---------------+-------+-----
Short Blades   | 1 |  1.9
Dodging        | 2 |  2.2
Armour         | 1 |  1.6
Stealth        | |  3.2
Spellcasting   | |  1.7
Hexes          | |  2.4

Action                   || total
-------------------------++-------
Melee: Dagger            ||    98
 Cast: Corona            ||     1
  Use: Potion            ||     3
 Stab: Sleeping          ||    10
  Eat: Chunk             ||     4
Armor: Robe              ||     9
Dodge: Dodged            ||    51
